 Dungeon Crawl Stone Soup version 0.31-a0-149-g3fdcc5976a (webtiles) character file.

Game seed: 16476714974129663445

58 qw the Shooter (level 3, -1/31 HPs)
             Began as a Minotaur Hunter on June 7, 2023.
             Slain by Terence
             ... wielding a +4 flail of holy wrath
              (8 damage)
             ... on level 2 of the Dungeon.
             The game lasted 00:00:32 (1102 turns).

qw the Shooter (Minotaur Hunter)                    Turns: 1102, Time: 00:00:32

Health: -1/31      AC:  3    Str: 15    XL:     3   Next: 76%
Magic:  2/2        EV: 12    Int:  6    God:
Gold:   86         SH:  0    Dex: 15    Spells: 2/2 levels left

rFire   . . .        Y - +0 shortbow
rCold   . . .        (shield currently unavailable)
rNeg    . . .        c - +0 leather armour
rPois   .            (helmet restricted)
rElec   .            (no cloak)
rCorr   .            (no gloves)
SInv    .            (no boots)
Will    .....        (no amulet)
Stlth   +            (no ring)
HPRegen 0.25/turn    (no ring)
MPRegen 0.08/turn

%: no passive effects
@: no status effects
A: horns 2, retaliatory headbutt
a: no special abilities


You were on level 2 of the Dungeon.
You visited 1 branch of the dungeon, and saw 2 of its levels.

You collected 86 gold pieces.


Innate Abilities, Weirdness & Mutations

You have a pair of horns on your head.
You reflexively headbutt those who attack you in melee.


   Skills:
 - Level 3.0 Fighting
 + Level 5.8 Ranged Weapons
 - Level 2.1 Dodging
 - Level 0.7 Stealth


You had 2 spell levels left.
You didn't know any spells.
Your spell library was empty.

Inventory:

Hand Weapons
 Y - a +0 shortbow (weapon)
Armour
 c - a +0 leather armour (worn)
Scrolls
 a - a scroll of identify
Potions
 b - a potion of invisibility {unknown}
 d - a potion of might {unknown}
 e - 4 potions of curing
 f - a potion of haste {unknown}
 g - a potion of resistance {unknown}
 h - a potion of lignification {unknown}

Dungeon Overview and Level Annotations

Branches:
Dungeon (2/15)

Altars:

Annotations:
D:2 Terence


Message History

A ball python comes into view.
The ball python hisses angrily.
Enter note:
Enter note: You shoot an arrow.
The arrow barely misses the ball python.
You shoot an arrow. The arrow hits the ball python.
You kill the ball python!
Terence the Incautious comes into view.
He is wielding a +4 flail of holy wrath.
Terence shouts!
Enter note:
Enter note:
Enter note:
Enter note: You shoot an arrow.
The arrow hits Terence but does no damage.
You shoot an arrow.
The arrow hits Terence but does no damage.
You shoot an arrow. The arrow hits Terence.
Terence is lightly wounded.
You shoot an arrow. The arrow closely misses Terence.
You shoot an arrow. The arrow hits Terence.
Terence is moderately wounded.
Terence hits you with a +4 flail of holy wrath.
You shoot an arrow. The arrow closely misses Terence.
Terence hits you with a +4 flail of holy wrath.
You shoot an arrow. The arrow closely misses Terence.
Terence hits you with a +4 flail of holy wrath!
You shoot an arrow.
The arrow hits Terence but does no damage.
Terence is moderately wounded.
Terence hits you with a +4 flail of holy wrath.
You shoot an arrow. The arrow hits Terence.
Terence is heavily wounded.
Terence barely misses you.
You shoot an arrow.
The arrow hits Terence but does no damage.
Terence is heavily wounded.
Terence hits you with a +4 flail of holy wrath!
You die...

...........# #.
...........# #.#
....(.....# ..
+#........# #.##
#........# ######..#
+.......## ........##
#.......####
........%####...#.....#
......@@....#...+.....##
...$....###...###.......
........# ##..###.......
........# #....#.......
........# ##.#.#.......
######### #.#.........
#....#......
#....#.#####
#....#.#..##


You could see Terence.

Vanquished Creatures
  3 dart slugs
  6 bats
  5 endoplasms
  A giant cockroach (D:1)
  6 hobgoblins
  4 jackals (D:1)
  6 kobolds
  3 quokkas (D:1)
  6 ball pythons
  2 frilled lizards (D:1)
  2 goblins (D:1)
  2 rats
46 creatures vanquished.

Notes
Turn   | Place    | Note
-------+----------+-------------------------------------------
     0 | D:1      | qw the Minotaur Hunter began the quest for the Orb.
     0 | D:1      | Reached XP level 1. HP: 18/18 MP: 0/0
     0 | D:1      | 0 ||| qw: Version: 0.2-a-117-gc6b5c8b
     0 | D:1      | 0 ||| qw: Game counter: 2634
     0 | D:1      | 0 ||| qw: Always use a shield: true
     0 | D:1      | 0 ||| qw: God list: Okawaru
     0 | D:1      | 0 ||| qw: Allow faded altars: false
     0 | D:1      | 0 ||| qw: Do Orc after D:15 true
     0 | D:1      | 0 ||| qw: Do second Lair branch before Depths: true
     0 | D:1      | 0 ||| qw: Lair rune preference: random
     0 | D:1      | 0 ||| qw: Plans: Normal
     0 | D:1      | 0 ||| PLANNING D:1-11
    71 | D:1      | 71 ||| Stepping ~*~*~tactically~*~*~ (outnumbered).
    78 | D:1      | Reached XP level 2. HP: 25/25 MP: 1/1
    83 | D:1      | Reached skill level 5 in Ranged Weapons
   178 | D:1      | Found a faded altar of an unknown god.
   233 | D:1      | Reached skill level 3 in Fighting
   303 | D:1      | Reached XP level 3. HP: 21/31 MP: 2/2
   852 | D:1      | 852 ||| READING 2 scrolls labelled ICSULI GUITEOB XOI.
   853 | D:1      | 853 ||| READING scroll labelled FEFACHA FELEI.
   854 | D:1      | 854 ||| DRINKING 5 sedimented white potions.
   855 | D:1      | 855 ||| DROPPING scroll of butterflies.
  1092 | D:2      | Noticed Terence
  1100 | D:2      | HP: 7/31 [Terence/+4 flail of holy wrath (2)]
  1102 | D:2      | Slain by Terence

Levels and vault maps discovered:
D:1:      minmay_arrival_split_and_join, layout_loops_ring,
          chequers_ecumenical_altar_simple
D:2:      layout_basic, uniq_terence

Skill      XL: |  1  2 |
---------------+-------+-----
Ranged Weapons | 5 |  5.8
Fighting       | 3 |  3.0
Dodging        | |  2.1
Stealth        | |  0.7

Action                     || total
---------------------------++-------
   Fire: Shortbow          ||   151
    Use: Scroll            ||     2
         Potion            ||     1
 Armour: Leather armour    ||    21
  Dodge: Dodged            ||    31

Table legend:
 A = Non-vault XP
 B = Vault XP
 C = Vault XP percentage of total XP
 D = Non-vault monster count
 E = Vault monster count
 F = Vault count percentage of total count
                 A         B        C        D         E       F
            +---------+---------+-------+---------+---------+-------
      Total |      84 |       0 |   0.0 |      46 |       0 |   0.0
            +---------+---------+-------+---------+---------+-------
        D:1 |      69 |       0 |   0.0 |      38 |       0 |   0.0
        D:2 |      15 |       0 |   0.0 |       8 |       0 |   0.0
            +---------+---------+-------+---------+---------+-------
